 Seeded DCSS version 0.31-a0-538-gbc85326fa9 (webtiles) character file.

Game seed: 3826825538972431165 (custom seed)

86 innerfire43 the Ruffian (level 4, 0/34 HPs)
             Began as a Gnoll Shapeshifter on Aug 13, 2023.
             Slain by a hobgoblin (5 damage)
             ... led by Robin
             ... on level 2 of the Dungeon.
             The game lasted 00:01:34 (1059 turns).

innerfire43 the Ruffian (Gnoll Shapeshifter)        Turns: 1059, Time: 00:01:34

Health: 0/34       AC:  5    Str: 17    XL:     4   Next: 49%
Magic:  5/5        EV: 12    Int:  7    God:
Gold:   183        SH:  0    Dex: 12    Spells: 5/5 levels left

rFire   . .          .
                       - Unarmed
rCold   . . .        (shield currently unavailable)
rNeg    . . .        k - +0 ring mail
rPois   .            (no helmet)
rElec   .            (no cloak)
rCorr   .            (no gloves)
SInv    .            (no boots)
Will    .....        (no amulet)
Stlth   +            (no ring)
HPRegen 0.25/turn    (no ring)
MPRegen 0.09/turn

%: no passive effects
@: flux-form, glowing, studying Dodging
A: glow, contaminating, fangs 1, strong nose, distributed training
a: Begin Untransformation


You were on level 2 of the Dungeon.
You were something dangerously unstable.
You visited 1 branch of the dungeon, and saw 2 of its levels.

You collected 183 gold pieces.

Inventory:

Armour
 a - a +0 animal skin
 k - a +0 ring mail (worn)
Jewellery
 q - a ring of protection from cold
Talismans
 c - a beast talisman
 d - a flux talisman (active)
Scrolls
 e - 2 scrolls of identify {unknown}
 f - 2 scrolls of vulnerability {unknown}
 g - 2 scrolls of noise {unknown}
 i - a scroll of brand weapon {unknown}
 j - a scroll of amnesia {unknown}
 o - a scroll of torment {unknown}
Potions
 b - a potion of lignification
 h - 2 potions of mutation {unknown}
 l - a potion of enlightenment {unknown}
 m - a potion of curing {unknown}
 n - a potion of cancellation {unknown}
 p - a potion of brilliance {unknown}


   Skills:
 + Level 2.8 Fighting
 + Level 1.2 Short Blades
 + Level 1.2 Long Blades
 + Level 1.2 Axes
 + Level 1.2 Maces & Flails
 + Level 1.2 Polearms
 + Level 1.2 Staves
 + Level 1.2 Ranged Weapons
 + Level 1.2 Throwing
 + Level 1.2 Armour
 + Level 4.9 Dodging
 + Level 1.2 Stealth
 + Level 1.2 Shields
 + Level 6.6 Unarmed Combat
 + Level 1.2 Spellcasting
 + Level 1.0 Conjurations
 + Level 1.0 Hexes
 + Level 1.0 Summonings
 + Level 1.0 Necromancy
 + Level 1.0 Translocations
 + Level 1.0 Transmutations
 + Level 1.0 Fire Magic
 + Level 1.0 Ice Magic
 + Level 1.0 Air Magic
 + Level 1.0 Earth Magic
 + Level 1.0 Poison Magic
 + Level 1.3 Invocations
 + Level 1.2 Evocations
 + Level 6.5 Shapeshifting


You had 5 spell levels left.
You didn't know any spells.
Your spell library was empty.

Dungeon Overview and Level Annotations

Branches:
Dungeon (2/15)

Altars:

Annotations:
D:2 Robin


Innate Abilities, Weirdness & Mutations

You are something dangerously unstable.
You glow with magical radiation, making you easy to see and hit.
Foes you strike become dangerously contaminated with magical radiation.
You are incapable of wielding weapons or throwing items.
You have very sharp teeth.
Your uncanny sense of smell can sniff out nearby items.
Your experience applies equally to all skills.


Message History

You kill the goblin!
You feel sick.
Robin roars a battlecry!
The hobgoblin goes into a battle-frenzy!
The goblin shoots a sling bullet.
The sling bullet hits you.
Unknown command.
You feel sick.
The goblin no longer looks unusually strong.
The hobgoblin misses you.
The goblin unwields a +0 sling.
The goblin wields a +0 club.
The goblin misses you.
You see here a +0 club.
Unknown command.
You barely miss the hobgoblin.
You feel sick.
The hobgoblin no longer looks unusually strong. x2
Robin throws the goblin at you! The goblin barely misses you.
The hobgoblin misses you. The goblin misses you.
You hit the goblin but do no damage.
The goblin begins to glow.
You bite the goblin, but do no damage.
You feel sick.
The goblin no longer looks unusually strong.
The goblin hits you with a +0 club.
* * * LOW HITPOINT WARNING * * *
The hobgoblin barely misses you.
Unknown command.
You hit the goblin.
The goblin glows dangerously bright.
The goblin is severely wounded.
You feel sick.
The goblin no longer looks unusually strong.
The goblin barely misses you. The hobgoblin hits you.
* * * LOW HITPOINT WARNING * * *
The goblin barely misses you.
Robin says, "My goblins will feast on your bones."
You barely miss the goblin.
The goblin is severely wounded.
The goblin barely misses you.
You hit the goblin.
You kill the goblin!
You feel sick.
You are no longer poisoned.
The hobgoblin hits you.
You die...

#..........#.........#
#..........#.........# ###
####..........#.........# .?..
#.............#.........## .....
#.............########....
.....###......g......###########.
...$..........gg.....##.....# #.
.)..<........ggg#######.....#####
......)).g..###gB)..........'....
##.....###### ######......†.#####
#..gg. #........# #....g
#.....#### #...g. #....†# #.....
#.....# #..... #.....# #.....
#.....# #.....#


You could see Robin, 3 hobgoblins and 3 goblins.

Vanquished Creatures
  Jessica (D:2)
  2 adders (D:2)
  A dart slug (D:1)
  4 bats
  5 endoplasms
  3 giant cockroaches (D:1)
  7 goblins
  A hobgoblin (D:1)
  2 jackals (D:2)
  2 kobolds (D:1)
  A quokka (D:2)
  2 ball pythons (D:1)
  A frilled lizard (D:1)
  4 rats (D:1)
36 creatures vanquished.

Notes
Turn   | Place    | Note
-------+----------+-------------------------------------------
     0 | D:1      | innerfire43 the Gnoll Shapeshifter began the quest for the
                  | Orb.
     0 | D:1      | Reached XP level 1. HP: 17/17 MP: 1/1
    59 | D:1      | Identified a scroll of acquirement
    59 | D:1      | Acquired a manual of Dodging
   136 | D:1      | Reached XP level 2. HP: 23/23 MP: 2/2
   322 | D:1      | Reached XP level 3. HP: 28/28 MP: 3/3
   696 | D:2      | Noticed Jessica
   707 | D:2      | Killed Jessica
   708 | D:2      | Reached skill level 1 in Short Blades
   708 | D:2      | Reached skill level 1 in Long Blades
   708 | D:2      | Reached skill level 1 in Axes
   708 | D:2      | Reached skill level 1 in Maces & Flails
   708 | D:2      | Reached skill level 1 in Polearms
   708 | D:2      | Reached skill level 1 in Staves
   708 | D:2      | Reached skill level 1 in Ranged Weapons
   708 | D:2      | Reached skill level 1 in Throwing
   708 | D:2      | Reached skill level 1 in Armour
   708 | D:2      | Reached skill level 1 in Stealth
   708 | D:2      | Reached skill level 1 in Shields
   708 | D:2      | Reached skill level 1 in Spellcasting
   708 | D:2      | Reached skill level 1 in Invocations
   708 | D:2      | Reached skill level 1 in Evocations
   902 | D:2      | Reached XP level 4. HP: 34/34 MP: 5/5
  1033 | D:2      | Noticed Robin
  1053 | D:2      | Reached skill level 1 in Conjurations
  1053 | D:2      | Reached skill level 1 in Hexes
  1053 | D:2      | Reached skill level 1 in Summonings
  1053 | D:2      | Reached skill level 1 in Necromancy
  1053 | D:2      | Reached skill level 1 in Translocations
  1053 | D:2      | Reached skill level 1 in Transmutations
  1053 | D:2      | Reached skill level 1 in Fire Magic
  1053 | D:2      | Reached skill level 1 in Ice Magic
  1053 | D:2      | Reached skill level 1 in Air Magic
  1053 | D:2      | Reached skill level 1 in Earth Magic
  1053 | D:2      | Reached skill level 1 in Poison Magic
  1059 | D:2      | Slain by a hobgoblin

Illustrated notes

Levels and vault maps discovered:
D:1:      roderic_crop_circles_arrival_large, layout_basic
D:2:      layout_basic, minmay_distorted, uniq_robin, uniq_jessica

Skill      XL: |  1  2  3  4 |
---------------+-------------+-----
Short Blades   | 1 |  1.2
Long Blades    | 1 |  1.2
Axes           | 1 |  1.2
Maces & Flails | 1 |  1.2
Polearms       | 1 |  1.2
Staves         | 1 |  1.2
Ranged Weapons | 1 |  1.2
Throwing       | 1 |  1.2
Armour         | 1 |  1.2
Stealth        | 1 |  1.2
Shields        | 1 |  1.2
Spellcasting   | 1 |  1.2
Invocations    | 1 |  1.3
Evocations     | 1 |  1.2
Conjurations   | 1 |  1.0
Hexes          | 1 |  1.0
Summonings     | 1 |  1.0
Necromancy     | 1 |  1.0
Translocations | 1 |  1.0
Transmutations | 1 |  1.0
Fire Magic     | 1 |  1.0
Ice Magic      | 1 |  1.0
Air Magic      | 1 |  1.0
Earth Magic    | 1 |  1.0
Poison Magic   | 1 |  1.0
Fighting       | |  2.8
Dodging        | |  4.9
Unarmed Combat | |  6.6
Shapeshifting  | |  6.5

Action                     |  1- 3 |  4- 6 || total
---------------------------+-------+-------++-------
  Melee: Unarmed           |    56 |    32 ||    88
         Bite              |     3 |     3 ||     6
         Punch             |     1 |       ||     1
    Use: Scroll            |     1 |       ||     1
   Stab: Sleeping          |     1 |       ||     1
 Armour: Animal skin       |    12 |       ||    12
         Ring mail         |     4 |     8 ||    12
  Dodge: Dodged            |    33 |    30 ||    63
   Form: Flux              |     1 |       ||     1

Table legend: (Time is in decaauts)
 A = Elapsed time spent in this place.
 B = Non-inter-level travel time spent in this place.
 C = Inter-level travel time spent in this place.
 D = Time resting spent in this place.
 E = Time spent auto-exploring this place.
 F = Levels seen in this place.
 G = Mean time per level.
                   A        B        C        D        E       F      G
               +--------+--------+--------+--------+--------+-----+--------+
         Total |   1047 |    997 |     50 |      0 |    754 |   2 |  523.5 |
       Dungeon |   1047 |    997 |     50 |      0 |    754 |   2 |  523.5 |
               +--------+--------+--------+--------+--------+-----+--------+

Top non-repeatable levels by time:
     D:1: 690 daAuts
     D:2: 356 daAuts
